 Dungeon Crawl Stone Soup version 0.30-a0-341-g682706514a (webtiles) character file.

Game seed: 7183644018188504036

225 billz999 the Changer (level 5, 0/41 HPs)
             Began as a Vampire Earth Elementalist on Nov 4, 2022.
             Killed from afar by Natasha (9 damage)
             ... with a magic dart
             ... on level 3 of the Dungeon.
             The game lasted 00:05:39 (1982 turns).

billz999 the Changer (Vampire Earth Elementalist)   Turns: 1982, Time: 00:05:39

Health: 0/41       AC:  3    Str:  7    XL:     5   Next: 68%
Magic:  6/8        EV: 12    Int: 19    God:
Gold:   101        SH:  0    Dex: 15    Spells: 3/8 levels left

rFire   + . .      SeeInvis +    l - +1 dagger (venom)
rCold   + . .      Faith    .    (no shield)
rNeg    . . .      Spirit   .    j - +1 robe {rC+}
rPois   .          Reflect  .    (no helmet)
rElec   .          Harm     .    (no cloak)
rCorr   .          Rampage  .    (no gloves)
Will    .....                    (no boots)
Stlth   ++........               (no amulet)
HPRegen 0.46/turn                e - ring of protection from fire
MPRegen 0.11/turn                (no ring)

@: healing quickly
A: alive, fangs 3, see invisible, vampiric 2
a: Exsanguinate


You were on level 3 of the Dungeon.
You visited 1 branch of the dungeon, and saw 3 of its levels.

You collected 101 gold pieces.

Inventory:

Hand Weapons
 h - a +0 dagger
 l - a +1 dagger of venom (weapon)
Missiles
 f - 5 silver boomerangs
Armour
 j - a +1 robe of cold resistance (worn)
 n - a +0 pair of boots
Jewellery
 e - a ring of protection from fire (left hand)
 r - a ring of willpower
Scrolls
 i - a scroll of vulnerability {unknown}
 o - a scroll of identify {unknown}
 s - a scroll of teleportation {unknown}
 t - a scroll of immolation {unknown}
Potions
 a - 2 potions of might {unknown}
 b - 2 potions of magic
 c - a potion of curing
 d - 2 potions of degeneration {unknown}
 g - a potion of attraction {unknown}
 k - a potion of brilliance {unknown}
 m - a potion of berserk rage {unknown}
 p - 2 potions of heal wounds {unknown}


   Skills:
 - Level 3.0 Fighting
 - Level 3.1 Short Blades
 - Level 2.1 Dodging
 - Level 3.0 Stealth
 - Level 2.0 Spellcasting
 + Level 3.5 Transmutations
 - Level 3.0 Earth Magic


You had 3 spell levels left.
You knew the following spells:

 Your Spells              Type           Power      Damage    Failure   Level
a - Sandblast             Erth           26%        2d8       4%          1
b - Petrify               Tmut/Erth      14%        N/A       41%         4

Your spell library contained the following spells:

 Spells                   Type           Power      Damage    Failure   Level
 Passwall                 Tmut/Erth      11%        N/A       7%          2
 Magic Dart               Conj           4%         1d3       17%         1
 Call Imp                 Summ           1%         N/A       26%         2
 Stone Arrow              Conj/Erth      14%        3d7       26%         3
 Gell's Gravitas          Tloc           1%         N/A       45%         3
 Lesser Beckoning         Tloc           2%         N/A       45%         3
 Mephitic Cloud           Conj/Pois/Air  1%         N/A       45%         3
 Teleport Other           Tloc           1%         N/A       45%         3


Dungeon Overview and Level Annotations

Branches:
Dungeon (3/15)

Altars:
Yredelemnul

Annotations:
D:3 1 runed translucent door, Crazy Yiuf, Natasha


Innate Abilities, Weirdness & Mutations

Your natural rate of healing is accelerated.
You have razor-sharp teeth.
You have supernaturally acute eyesight. (SInv)
You are afflicted with vampirism and can become a bat while bloodless.


Message History

Aiming: Sandblast (safe; 4% risk of failure)
Press: ? - help, Shift-Dir - straight line, f/p - Natasha
Aim: Natasha (heavily wounded, 77% to hit)
The blast of sand misses Natasha.
The gnoll shouts!
Natasha claws you.
Unknown command.
Casting: Sandblast (safe; 4% risk of failure)
Confirm with . or Enter, or press ? or * to list all spells.
Aiming: Sandblast (safe; 4% risk of failure)
Press: ? - help, Shift-Dir - straight line, f/p - Natasha
Aim: Natasha (heavily wounded, 77% to hit)
The blast of sand hits Natasha but does no damage.
Natasha is heavily wounded.
Natasha claws you! The gnoll closely misses you. Natasha claws you.
Unknown command.
Natasha claws you but does no damage.
You see here 14 gold pieces.
Natasha attacks as you move away! Natasha misses you.
Natasha attacks as you move away! Natasha claws you.
* * * LOW HITPOINT WARNING * * *
Natasha wildly gestures.
Natasha shimmers violently.
Natasha claws you.
* * * LOW HITPOINT WARNING * * *
You feel better. Natasha casts a spell at you. The magic dart hits you.
* * * LOW HITPOINT WARNING * * *
As you read the scroll labelled LECYWO TAAMM, it crumbles to dust.
It is a scroll of enchant armour.
Your +0 robe of cold resistance glows green for a moment.
Natasha claws you!
* * * LOW HITPOINT WARNING * * *
The gnoll barely misses you.
Unknown command.
You feel better.
Natasha stares at you and mumbles some strange words.
The magic dart hits you!
You die...

#.#
#.#.#.........#.#
##..# #.#
#.#.#.#..g..#.#.##
#..# ##.#
#.#.#.#.....#.#...
#.# ...#
#.#.......$.......
.# ...##
##.#.#.###.....#####
# ....###..#h#.#
#..⌠.##
.g...........#
#g..##
h........†..## #hg##
5##...≈≈.≈≈..# #@##
###....≈.≈...# #.#
.....≈.....≈.# #.#
###..≈≈...≈≈.# ..#
#....._........#
#..≈≈...≈≈......
##.≈.....≈...#..
#...≈.≈...#....
#..≈≈.≈≈..#.#


You could see Natasha and 3 gnolls.

Vanquished Creatures
  Sigmund (D:3)
  4 dart slugs
  An orc (D:2)
  3 bats (D:1)
  5 endoplasms
  5 giant cockroaches
  5 goblins
  3 hobgoblins (D:1)
  4 jackals (D:1)
  6 kobolds
  2 quokkas
  4 ball pythons
  2 frilled lizards (D:1)
  6 rats
51 creatures vanquished.

Notes
Turn   | Place    | Note
-------+----------+-------------------------------------------
     0 | D:1      | billz999 the Vampire Earth Elementalist began the quest for
                  | the Orb.
     0 | D:1      | Reached XP level 1. HP: 13/13 MP: 3/3
   205 | D:1      | Reached XP level 2. HP: 19/19 MP: 1/5
   514 | D:1      | Reached skill level 1 in Fighting
   606 | D:1      | Gained mutation: You are afflicted with vampirism and can
                  | become a bat while bloodless. [Vampire growth]
   606 | D:1      | Reached XP level 3. HP: 26/26 MP: 2/6
  1431 | D:3      | Found a basalt altar of Yredelemnul.
  1441 | D:3      | Reached skill level 1 in Short Blades
  1452 | D:3      | Noticed Natasha
  1575 | D:3      | Noticed Sigmund
  1661 | D:3      | Killed Sigmund
  1662 | D:3      | Reached XP level 4. HP: 35/35 MP: 3/7
  1662 | D:3      | Reached XP level 5. HP: 41/41 MP: 3/8
  1716 | D:3      | Learned a level 4 spell: Petrify
  1771 | D:3      | Found a runed translucent door.
  1772 | D:3      | Noticed Crazy Yiuf
  1981 | D:3      | HP: 2/41 [Natasha (9)]
  1982 | D:3      | Killed from afar by Natasha

Illustrated notes

Levels and vault maps discovered:
D:1:      dpeg_arrival_shrine, layout_basic, supply_closet_lemuel
D:2:      layout_rooms
D:3:      layout_loops_ring, nicolae_overflow_ecumenical_swirl,
          mainiacjoe_overflow_small_starburst, uniq_crazy_yiuf_cottage,
          uniq_sigmund, uniq_natasha

Skill      XL: |  1  2  3 |
---------------+----------+-----
Transmutations | 2 3 |  3.5
Fighting       | 1 3 |  3.0
Short Blades   | 3 |  3.1
Dodging        | |  2.1
Stealth        | |  3.0
Spellcasting   | |  2.0
Earth Magic    | |  3.0

Action                   |  1- 3 |  4- 6 || total
-------------------------+-------+-------++-------
Melee: Dagger            |    26 |       ||    26
       Bite              |     3 |       ||     3
       Punch             |     1 |       ||     1
 Cast: Sandblast         |    60 |     6 ||    66
  Use: Potion            |     3 |     2 ||     5
       Scroll            |       |     1 ||     1
 Stab: Sleeping          |     6 |       ||     6
Armor: Robe              |    17 |     2 ||    19
Dodge: Dodged            |    36 |     4 ||    40

Table legend: (Time is in decaauts)
 A = Elapsed time spent in this place.
 B = Non-inter-level travel time spent in this place.
 C = Inter-level travel time spent in this place.
 D = Time resting spent in this place.
 E = Time spent auto-exploring this place.
 F = Levels seen in this place.
 G = Mean time per level.
                   A        B        C        D        E       F      G
               +--------+--------+--------+--------+--------+-----+--------+
         Total |   2014 |   1897 |    117 |     52 |   1452 |   3 |  671.3 |
       Dungeon |   2014 |   1897 |    117 |     52 |   1452 |   3 |  671.3 |
               +--------+--------+--------+--------+--------+-----+--------+

Top non-repeatable levels by time:
     D:1: 983 daAuts
     D:2: 556 daAuts
     D:3: 474 daAuts
